 Dungeon Crawl Stone Soup version 0.29-a0-418-gc0181ea820 (webtiles) character file.

Game seed: 14170228128804512123

128 avis the Chopper (level 5, -3/47 HPs)
             Began as a Hill Orc Monk on May 18, 2022.
             Slain by a mummy (14 damage)
             ... in an ossuary.
             The game lasted 00:12:22 (2842 turns).

avis the Chopper (Hill Orc Monk)                    Turns: 2842, Time: 00:12:22

Health: -3/47      AC:  6    Str: 16    XL:     5   Next: 11%
Magic:  5/5        EV: 11    Int: 10    God:
Gold:   130        SH:  0    Dex: 13    Spells: 4/4 levels left

rFire   . . .      SeeInvis .   a - +0 hand axe
rCold   . . .      Faith    .   (no shield)
rNeg    . . .      Spirit   .   e - +0 ring mail
rPois   +          Reflect  .   (no helmet)
rElec   .          Harm     .   (no cloak)
rCorr   .          Rampage  .   s - +0 pair of gloves
Will    .....                   (no boots)
Stlth   +.........              n - amulet of magic regeneration
HPRegen 0.15/turn               v - ring of poison resistance
MPRegen 0.49/turn               (no ring)

@: no status effects
A: no striking features
a: no special abilities


You were in an ossuary.
You visited 1 branch of the dungeon, and saw 6 of its levels.
You also visited: Ossuary.

You collected 130 gold pieces.

Inventory:

Hand Weapons
 a - a +0 hand axe (weapon)
 b - a +0 hunting sling
 l - a +0 long sword of protection
Missiles
 m - 111 stones (quivered)
Armour
 e - a +0 ring mail (worn)
 s - a +0 pair of gloves (worn)
Jewellery
 n - an amulet of magic regeneration (around neck)
 v - a ring of poison resistance (left hand)
Scrolls
 d - a scroll of vulnerability {unknown}
 f - a scroll of fog {unknown}
 h - 2 scrolls of teleportation {unknown}
 j - a scroll of fear {unknown}
 k - 2 scrolls of noise {unknown}
 o - 3 scrolls of amnesia {unknown}
 p - a scroll of poison {unknown}
 q - a scroll of summoning {unknown}
 r - a scroll of silence {unknown}
 t - 2 scrolls of identify {unknown}
Potions
 c - a potion of ambrosia
 g - a potion of invisibility {unknown}
 i - 2 potions of attraction {unknown}
 u - a potion of berserk rage {unknown}


   Skills:
 + Level 4.6 Fighting
 * Level 5.9 Axes
 + Level 2.9 Dodging
 - Level 2.0 Stealth


You had 4 spell levels left.
You didn't know any spells.
Your spell library contained the following spells:

 Spells                   Type           Power      Damage    Failure   Level
 Sting                    Tmut/Pois      0%         1d3       58%         1
 Ensorcelled Hibernation  Hex/Ice        0%         N/A       73%         2
 Passwall                 Tmut/Erth      0%         N/A       73%         2
 Poisonous Vapours        Pois/Air       0%         N/A       73%         2
 Swiftness                Air            0%         N/A       91%         3
 Olgreb's Toxic Radiance  Pois           0%         N/A       100%        4
 Freezing Cloud           Conj/Ice/Air   0%         6-21      100%        5
 Monstrous Menagerie      Summ           0%         N/A       100%        7


Dungeon Overview and Level Annotations

Branches:
Dungeon (6/15)            Ossuary (1/1)
 Temple: D:4-7

Altars:

Shops:
D:4 *

Annotations:
D:2 1 runed translucent door, exclusion: door, Crazy Yiuf, Sigmund


Message History

You shoot a sling bullet. The sling bullet hits the mummy.
The mummy is moderately damaged.
Fire: b) +0 hunting sling
Press: ? - help, Q - select action, (/) - cycle Shift-Dir - straight line, f - mummy
Aim: a mummy (72% to hit)
You shoot a sling bullet.
The sling bullet barely misses the mummy.
The sling bullet completely misses the mummy.
Fire: b) +0 hunting sling
Press: ? - help, Q - select action, (/) - cycle Shift-Dir - straight line, f/p - mummy
Aim: a mummy (72% to hit)
You shoot a sling bullet.
The sling bullet hits the mummy but does no damage.
The mummy is moderately damaged.
a - a +0 hand axe (weapon)
The mummy hits you!
You hit the mummy.
The mummy is heavily damaged.
You hit the mummy. You completely miss the mummy.
The mummy is heavily damaged.
You hit the mummy. The mummy closely misses you. The mummy hits you!
You hit the mummy.
The mummy is heavily damaged.
You hit the mummy but do no damage. The mummy hits you.
You hit the mummy.
The mummy is severely damaged.
You hit the mummy. The mummy closely misses you.
You hit the mummy but do no damage.
The mummy is severely damaged.
You barely miss the mummy. The mummy hits you. The mummy barely misses you.
You hit the mummy.
The mummy is almost destroyed.
You hit the mummy but do no damage. You closely miss the mummy.
The mummy is almost destroyed.
You hit the mummy. The mummy hits you.
* * * LOW HITPOINT WARNING * * *
The mummy hits you!
You die...

...........
............
............
#........#
#......#
#....#
#MM..#
#@...#
#....#
#....#
#....#
#....#
#....#
#.∩∩.#
######


You could see 2 mummies.

Vanquished Creatures
  A hound (D:6)
  2 mummies (Ossuary)
  An adder (D:2)
  A shadow imp (D:5)
  A dart slug (D:1)
  4 endoplasms
  2 gnoll zombies (Ossuary)
  4 goblins
  5 hobgoblins
  4 jackals (D:3)
  2 quokkas
  3 ball pythons
  7 bats
  4 frilled lizards (D:1)
  2 hobgoblin zombies (Ossuary)
  3 kobolds (D:1)
  2 kobold zombies (Ossuary)
  2 orc zombies (Ossuary)
  5 rats
55 creatures vanquished.

Notes
Turn   | Place    | Note
-------+----------+-------------------------------------------
     0 | D:1      | avis the Hill Orc Monk began the quest for the Orb.
     0 | D:1      | Reached XP level 1. HP: 19/19 MP: 1/1
   144 | D:1      | Reached XP level 2. HP: 26/27 MP: 2/2
   861 | D:1      | Found a faded altar of an unknown god.
  1009 | D:1      | Reached XP level 3. HP: 33/33 MP: 3/3
  1296 | D:2      | Found a runed translucent door.
  1297 | D:2      | Noticed Crazy Yiuf
  1680 | D:2      | Reached skill level 5 in Axes
  1747 | D:2      | Noticed Sigmund
  2020 | D:3      | You fall into a shaft and drop 3 floors!
  2048 | D:6      | Reached XP level 4. HP: 34/41 MP: 4/4
  2109 | D:6      | Noticed a bullfrog
  2113 | D:5      | Entered Level 5 of the Dungeon
  2404 | D:4      | Found Ovapeh's General Store.
  2409 | D:4      | Got the Papyrus of Air and Calling
  2479 | D:4      | Found a sand-covered staircase.
  2490 | Ossuary  | Entered an ossuary
  2551 | Ossuary  | Reached XP level 5. HP: 8/47 MP: 5/5
  2842 | Ossuary  | Slain by a mummy

Illustrated notes

Levels and vault maps discovered:
D:1:      grunt_arrival_crossed_arrows, layout_basic,
          hellmonk_ecumenical_altar_heavens_door
D:2:      layout_loops_ring, chequers_garden, uniq_crazy_yiuf_cottage,
          uniq_sigmund
D:3:      layout_basic, hangedman_ru_absence, chequers_avenue
D:4:      layout_basic, gup_sewer_entry_spiral, enter_ossuary_1, serial_shops,
          nicolae_stop_n_shop_2, nicolae_shop_overcharged_wands
D:5:      layout_basic, kennysheep_potato, uniq_prince_ribbit1
D:6:      layout_cave_pools, serial_column_ruins, column_ruins_temple_hut,
          column_ruins_open_medium, column_ruins_corridor_plus,
          column_ruins_columns_straight, column_ruins_grid_2
Ossuary:  ossuary_tomb_3

Skill      XL: |  1  2  3 |
---------------+----------+-----
Stealth        | 2 |  2.0
Fighting       | 4 |  4.6
Axes           | 5 |  5.9
Dodging        | |  2.9

Action                   |  1- 3 |  4- 6 || total
-------------------------+-------+-------++-------
Melee: Hand axe          |   134 |    61 ||   195
       Punch             |     2 |     2 ||     4
 Fire: Hunting sling     |       |    26 ||    26
Armor: Robe              |     2 |       ||     2
       Ring mail         |    46 |    14 ||    60
Dodge: Dodged            |    88 |    37 ||   125

Table legend: (Time is in decaauts)
 A = Elapsed time spent in this place.
 B = Non-inter-level travel time spent in this place.
 C = Inter-level travel time spent in this place.
 D = Time resting spent in this place.
 E = Time spent auto-exploring this place.
 F = Levels seen in this place.
 G = Mean time per level.
                   A        B        C        D        E       F      G
               +--------+--------+--------+--------+--------+-----+--------+
         Total |   2869 |   2715 |    154 |    897 |    923 |   7 |  409.9 |
       Dungeon |   2506 |   2352 |    154 |    644 |    923 |   6 |  417.7 |
       Ossuary |    363 |    363 |      0 |    253 |      0 |   1 |  363.0 |
               +--------+--------+--------+--------+--------+-----+--------+

Top non-repeatable levels by time:
     D:1: 1281 daAuts
     D:3: 500 daAuts
     D:2: 486 daAuts
 Ossuary: 363 daAuts
     D:4: 107 daAuts
     D:6: 93 daAuts
     D:5: 36 daAuts
